 Dungeon Crawl Stone Soup version 0.31-a0-200-gbc41564c69 (webtiles) character file.

Game seed: 10470703836733136276

123 qw the Skirmisher (level 4, 0/25 HPs)
             Began as a Deep Elf Hunter on June 25, 2023.
             Slain by an orc
             ... wielding a +0 club
              (3 damage)
             ... on level 3 of the Dungeon.
             The game lasted 00:00:42 (1792 turns).

qw the Skirmisher (Deep Elf Hunter)                 Turns: 1792, Time: 00:00:43

Health: 0/25       AC:  3    Str: 10    XL:     4   Next: 80%
Magic:  6/6        EV: 12    Int: 14    God:
Gold:   145        SH:  0    Dex: 18    Spells: 3/3 levels left

rFire   . . .        b - +0 shortbow (heavy)
rCold   . . .        (shield currently unavailable)
rNeg    . . .        c - +0 leather armour
rPois   .            (no helmet)
rElec   .            (no cloak)
rCorr   .            (no gloves)
SInv    .            (no boots)
Will    .....        (no amulet)
Stlth   +            (no ring)
HPRegen 0.24/turn    (no ring)
MPRegen 0.10/turn

%: no passive effects
@: confused
A: no striking features
a: no special abilities


You were on level 3 of the Dungeon.
You visited 1 branch of the dungeon, and saw 3 of its levels.

You collected 145 gold pieces.


   Skills:
 - Level 1.5 Fighting
 + Level 8.2 Ranged Weapons
 - Level 2.4 Dodging
 - Level 1.2 Stealth


You had 3 spell levels left.
You didn't know any spells.
Your spell library was empty.

Inventory:

Hand Weapons
 b - a +0 heavy shortbow (weapon)
Armour
 c - a +0 leather armour (worn)
 i - a +0 scale mail
 j - a +0 ring mail
Scrolls
 k - a scroll of vulnerability {unknown}
Potions
 a - a potion of haste {unknown}
 d - a potion of heal wounds {unknown}
 e - a potion of berserk rage {unknown}
 f - a potion of curing {unknown}
 g - a potion of degeneration {unknown}
 h - 3 potions of resistance {unknown}
 l - a potion of invisibility {unknown}

Dungeon Overview and Level Annotations

Branches:
Dungeon (3/15)

Altars:
Elyvilon
Sif Muna

Shops:
D:2 (


Message History

The kobold is moderately wounded.
You shoot an arrow. The arrow hits the kobold!
You kill the kobold! 2 orcs and an orc wizard come into view.
The orc wizard shouts!
The orc shouts! x2
An orc comes into view.
It is wielding a +1 dagger of electrocution.
The orc moves out of view.
The orc wizard moves out of view.
Enter note:
Enter note:
Enter note:
Enter note:
Enter note:
Enter note:
Enter note:
Enter note:
Enter note:
Enter note: You shoot an arrow.
The orc shouts!
The arrow hits the orc!
You kill the orc!
You shoot an arrow. The arrow hits the orc wizard!
The orc wizard is almost dead.
The orc wizard points at you and mumbles some strange words.
You are confused.
The orc wizard points at you and mumbles some strange words.
The magic dart hits you.
The orc wizard points at you and mumbles some strange words.
The magic dart hits you. The orc wizard casts a spell at you.
You are more confused.
The orc hits you with a +0 club.
The orc wizard points at you and mumbles some strange words.
The magic dart hits you. The orc closely misses you.
The orc wizard points at you and mumbles some strange words.
The puff of flame hits you! The orc closely misses you.
The orc barely misses you. The orc completely misses you.
The orc hits you with a +0 club.
You die...

...# #..# #..##
#... ...#
.##.###..#
....o.oo.# # #@#
###.# #.#
......###.###.# ##
..............#
.##
.........##.######
..##.........
#...# ......
........##.#
..#..#
#####.#.##.#
..#.%# #.#.##.#


You could see an orc wizard and 2 orcs.

Vanquished Creatures
  4 adders
  3 worms (D:2)
  4 dart slugs
  4 orcs (D:3)
  3 ball pythons
  5 bats
  10 endoplasms
  2 giant cockroaches (D:1)
  3 goblins
  3 hobgoblins
  5 jackals (D:1)
  4 quokkas (D:2)
  3 frilled lizards
  2 kobolds
  11 rats
66 creatures vanquished.

Notes
Turn   | Place    | Note
-------+----------+-------------------------------------------
     0 | D:1      | qw the Deep Elf Hunter began the quest for the Orb.
     0 | D:1      | Reached XP level 1. HP: 12/12 MP: 3/3
     0 | D:1      | 0 ||| qw: Version: 0.3-a-22-g0ed2b0b
     0 | D:1      | 0 ||| qw: Game counter: 5580
     0 | D:1      | 0 ||| qw: Melee chars always use a shield: true
     0 | D:1      | 0 ||| qw: God list: Okawaru
     0 | D:1      | 0 ||| qw: Allow faded altars: false
     0 | D:1      | 0 ||| qw: Do Orc after clearing Dungeon:15 true
     0 | D:1      | 0 ||| qw: Do second Lair branch before Depths: true
     0 | D:1      | 0 ||| qw: Lair rune preference: random
     0 | D:1      | 0 ||| qw: Goals: Normal
     0 | D:1      | 0 ||| PLANNING D:1-11
   189 | D:1      | Found a faded altar of an unknown god.
   254 | D:1      | Reached skill level 6 in Ranged Weapons
   254 | D:1      | Reached XP level 2. HP: 6/16 MP: 4/4
   582 | D:1      | 582 ||| FLEEEEING.
   583 | D:1      | 583 ||| FLEEEEING.
   584 | D:1      | 584 ||| FLEEEEING.
   620 | D:1      | Reached XP level 3. HP: 20/20 MP: 5/5
   676 | D:1      | 676 ||| READING scroll labelled VUEDOL XAIBBOI.
   677 | D:1      | 677 ||| READING scroll labelled ESA VEEDODDANUOTZ.
   678 | D:1      | 678 ||| READING scroll labelled CEBLUY SAWEYST.
   679 | D:1      | 679 ||| DROPPING scroll of butterflies.
   806 | D:2      | Reached skill level 7 in Ranged Weapons
   990 | D:2      | Reached XP level 4. HP: 24/25 MP: 6/6
  1368 | D:2      | Found Piopurann's Antique Weapon Boutique.
  1380 | D:2      | 1380 ||| SHOPLISTING glowing arbalest (202 gold, have 133).
  1380 | D:2      | 1380 ||| SHOPLISTING jewelled shortbow (216 gold, have
                  | 133).
  1571 | D:2      | 1571 ||| READING 2 scrolls labelled FURGHO CIASK.
  1572 | D:2      | 1572 ||| READING scroll labelled ZOEZUBR XOYB.
  1575 | D:2      | 1575 ||| READING scroll labelled KIC RYNLEDGH.
  1576 | D:2      | 1576 ||| DROPPING scroll of poison.
  1609 | D:3      | Found a white marble altar of Elyvilon.
  1609 | D:3      | Found a shimmering blue altar of Sif Muna.
  1657 | D:3      | Reached skill level 8 in Ranged Weapons
  1789 | D:3      | HP: 2/25 [orc wizard/puff of flame (7)]
  1792 | D:3      | Slain by an orc

Levels and vault maps discovered:
D:1:      dpeg_arrival_tiny_a, layout_basic,
          hellmonk_ecumenical_altar_inner_sanctum
D:2:      layout_basic, serial_shops, shop, hex_intersection, hex_tiny,
          corexii_hall_statues_i, minmay_split_cup_small
D:3:      minmay_angry_zag, layout_basic, grunt_temple_overflow_open,
          uniq_crazy_yiuf_cottage

Skill      XL: |  1  2  3  4 |
---------------+-------------+-----
Ranged Weapons | 6 7 8 |  8.2
Fighting       | |  1.5
Dodging        | |  2.4
Stealth        | |  1.2

Action                     |  1- 3 |  4- 6 || total
---------------------------+-------+-------++-------
   Fire: Shortbow          |    93 |    55 ||   148
    Use: Scroll            |     3 |     3 ||     6
 Armour: Leather armour    |    13 |     6 ||    19
  Dodge: Dodged            |    23 |    14 ||    37

Table legend:
 A = Non-vault XP
 B = Vault XP
 C = Vault XP percentage of total XP
 D = Non-vault monster count
 E = Vault monster count
 F = Vault count percentage of total count
                 A         B        C        D         E       F
            +---------+---------+-------+---------+---------+-------
      Total |     150 |      27 |  15.3 |      56 |      10 |  15.2
            +---------+---------+-------+---------+---------+-------
        D:1 |      42 |       0 |   0.0 |      21 |       0 |   0.0
        D:2 |      86 |       4 |   4.4 |      25 |       3 |  10.7
        D:3 |      22 |      23 |  51.1 |      10 |       7 |  41.2
            +---------+---------+-------+---------+---------+-------
